 Dungeon Crawl Stone Soup version 0.20.0-4-g10b340a (webtiles) character file.

556 nikopol the Shield-Bearer (level 7, -11/44 HPs)
             Began as a Gargoyle Fighter on May 27, 2017.
             Mangled by an ogre
             ... wielding a +0 giant spiked club
              (23 damage)
             ... on level 4 of the Dungeon.
             The game lasted 00:06:56 (3173 turns).

nikopol the Shield-Bearer (Gargoyle Fighter)        Turns: 3173, Time: 00:06:57

Health: -11/44     AC: 13    Str: 22    XL:     7   Next: 30%
Magic:  7/7        EV:  8    Int:  8    God:
Gold:   166        SH: 10    Dex:  9    Spells: 6/6 levels left

rFire    . . .     SeeInvis .   i - +1 spear (flame)
rCold    . . .     Gourm    .   c - +0 shield
rNeg     + . .     Faith    .   b - +0 scale mail
rPois    ∞         Spirit   .   (no helmet)
rElec    +         Reflect  .   j - +0 cloak
rCorr    .         Harm     .   (no gloves)
MR       .....                  (no boots)
Stlth    ..........             (no amulet)
Regen    0.2/turn               (no ring)
MPRegen  0.1/turn               (no ring)

@: no status effects
A: negative energy resistance 1, electricity resistance, unbreathing,
petrification resistance, rot immunity, AC +4
a: no special abilities


You were on level 4 of the Dungeon.
You were not hungry.

You visited 1 branch of the dungeon, and saw 4 of its levels.

You collected 166 gold pieces.

Inventory:

Hand Weapons
 a - a +0 war axe
 i - a +1 spear of flaming (weapon)
Armour
 b - a +0 scale mail (worn)
 c - a +0 shield (worn)
 j - a +0 cloak (worn)
Scrolls
 e - 3 scrolls of magic mapping {unknown}
 k - 2 scrolls of identify {unknown}
 l - 2 scrolls of remove curse {unknown}
 q - a scroll of teleportation {unknown}
Potions
 d - a potion of might
 g - a potion of haste {unknown}
 h - a potion of heal wounds
 r - a potion of invisibility {unknown}
Comestibles
 f - 3 bread rations
 m - a meat ration
 n - 2 royal jellies
 o - 3 fruits
 p - 3 chunks of flesh


   Skills:
 + Level 4.7 Fighting
 - Level 2.3(3.1) Axes
 + Level 3.1(3.5) Polearms
 + Level 4.5 Armour
 + Level 1.6 Dodging
 + Level 0.8 Stealth
 + Level 5.2 Shields


You had 6 spell levels left.
You didn't know any spells.

Dungeon Overview and Level Annotations

Branches:
Dungeon (4/15)
 Temple: D:4-7

Altars:
Ashenzari
Fedhas
Gozag
Trog


Innate Abilities, Weirdness & Mutations

You are resistant to torment.
Your stone body is resilient. (AC +4)
You are immune to poison.
You resist negative energy. (rN+)
You are resistant to electric shocks. (rElec)
You can survive without breathing.
You are immune to petrification.
You are immune to rotting.


Message History

You are too injured to fight recklessly!
You are too injured to fight recklessly!
You are too injured to fight recklessly!
You are too injured to fight recklessly!
You are too injured to fight recklessly!
You are too injured to fight recklessly!
You are too injured to fight recklessly!
You are too injured to fight recklessly!
You are too injured to fight recklessly!
You are too injured to fight recklessly!
You hit the ogre. You burn the ogre.
The ogre is severely wounded.
You hit the ogre but do no damage.
The ogre is severely wounded.
You block the ogre's attack.
You hit the ogre. You burn the ogre.
The ogre is almost dead.
The ogre hits you with a giant spiked club!!
Ouch! That really hurt!
You die...

......# ########.###
#####.######### #..÷.......#
#.............######.######.#.#
#.###.#######.##.....# ..# #.#
#.##.##### ### #.# #.##.# #$#
#%##.# #####.# ##.##.#######
....>.# #....@....... #######
#..##O######. #..##.# #..#...
.....#.. #..# ##..#. ..# #..#
#...# #.. #..# #.#. ### #..#


You could see an ogre.

Vanquished Creatures
  Sigmund (D:4)
  A howler monkey (D:4)
  Crazy Yiuf (D:2)
  An orc priest (D:3)
  A centaur skeleton (D:4)
  A bullfrog skeleton (D:4)
  Natasha (thrice) (D:2)
  A gnoll (D:1)
  7 adders
  An ooze (D:2)
  6 worms
  A dart slug (D:2)
  5 leopard geckos
  7 orcs
  A ball python (D:3)
  2 giant cockroaches
  7 hobgoblins
  A jackal (D:2)
  5 bats
  6 frilled lizards
  11 goblins
  6 kobolds
  5 rats
81 creatures vanquished.

Notes
Turn   | Place    | Note
-------+----------+-------------------------------------------
     0 | D:1      | nikopol the Gargoyle Fighter began the quest for the Orb.
     0 | D:1      | Reached XP level 1. HP: 14/14 MP: 1/1
   143 | D:1      | Reached XP level 2. HP: 19/19 MP: 2/2
   377 | D:1      | Reached XP level 3. HP: 24/24 MP: 3/3
   711 | D:2      | Noticed Natasha
   721 | D:2      | Killed Natasha
   721 | D:2      | Reached skill level 4 in Shields
   721 | D:2      | Reached XP level 4. HP: 20/29 MP: 4/4
  1035 | D:2      | Noticed Natasha
  1065 | D:2      | Killed Natasha
  1065 | D:2      | Reached skill level 1 in Dodging
  1065 | D:2      | Reached XP level 5. HP: 26/33 MP: 5/5
  1162 | D:2      | Noticed Natasha
  1168 | D:2      | Killed Natasha
  1745 | D:2      | Found a runed door.
  1749 | D:2      | Noticed Crazy Yiuf
  1762 | D:2      | Killed Crazy Yiuf
  1998 | D:3      | Found a shattered altar of Ashenzari.
  2001 | D:3      | Found a blossoming altar of Fedhas.
  2004 | D:3      | Found an opulent altar of Gozag.
  2007 | D:3      | Found a bloodstained altar of Trog.
  2174 | D:3      | Reached skill level 1 in Polearms
  2181 | D:3      | Reached XP level 6. HP: 34/38 MP: 6/6
  2685 | D:4      | Noticed Sigmund
  2944 | D:4      | Killed Sigmund
  2944 | D:4      | Reached skill level 5 in Shields
  2944 | D:4      | Reached XP level 7. HP: 29/44 MP: 7/7
  3173 | D:4      | Mangled by an ogre

Skill      XL: |  1  2  3  4  5  6  7 |
---------------+----------------------+-----
Axes           | 2 |  2.3
Fighting       | 4 |  4.7
Shields        | 4 5 |  5.2
Dodging        | 1 |  1.6
Armour         | 4 |  4.5
Polearms       | 1 2 3 |  3.1
Stealth        | |  0.8

Action                   |  1- 3 |  4- 6 |  7- 9 || total
-------------------------+-------+-------+-------++-------
Melee: War axe           |    57 |       |       ||    57
       Spear             |    21 |   232 |    30 ||   283
  Eat: Chunk             |       |     6 |     2 ||     8
Armor: Scale mail        |    38 |    67 |     3 ||   108
Dodge: Dodged            |    20 |    48 |       ||    68
Block: Shield            |    37 |    85 |    10 ||   132
